AoeStats
← TardySanguine

Hideout

507672128Analyzed
1v1 RM · 14d ago on Sep 19, 2026· 29m 49s· 2 players
Game mode
Random Map
Map size
Tiny (2 player)
Population
200
Speed
Normal
Resources
Standard
Victory
Conquest
Starting age
Dark Age
Ending age
Imperial Age
RankedLock teamsTeams togetherTeam positionsShared explorationLock speedFull tech treeHidden civsTurbo modeCheats
Victory
Defeat
🇩🇰 Celts · Denmark
575
+12
🇦🇺 Tatars · Australia
478
-12
TardySanguine
4:34 Loom
11:56 Feudal Age
12:25 Double-Bit Axe
21:19 Castle Age
20:12 Horse Collar
23:12 Wheelbarrow
22:24 Town Watch
Karsten Green
1:49 Loom
10:54 Feudal Age
9:11 Loom
11:26 Double-Bit Axe
19:26 Castle Age
19:09 Stone Mining
20:19 Bow Saw
20:50 Stone Shaft Mining
21:24 Scale Mail Armor
25:12 Chain Mail Armor
26:25 Horse Collar
28:05 Arson
28:35 Forging
29:32 Heavy Plow
Connection lost

Rejoining the realm…

Still unreachable

The connection could not be restored.

Session expired

The server has moved on; the page needs a fresh start.